 Dungeon Crawl Stone Soup version 0.26-a0-631-ged93497179 (webtiles) character file.

Game seed: 14225569322419106625

55 MrRokkomies the Sneak (level 3, -2/31 HPs)
             Began as a Demigod Delver on Sept 12, 2020.
             Slain by a killer bee (9 damage)
             ... on level 2 of the Dungeon.
             The game lasted 00:04:13 (2214 turns).

MrRokkomies the Sneak (Demigod Delver)              Turns: 2214, Time: 00:04:14

Health: -2/31      AC:  4    Str: 15    XL:     3   Next: 45%
Magic:  5/5        EV: 11    Int: 16    God:
Gold:   102        SH:  0    Dex: 17    Spells: 2/2 levels left

rFire    . . .     SeeInvis .   a - +0 falchion
rCold    . . .     Faith    .   j - +0 buckler
rNeg     . . .     Spirit   .   b - +0 leather armour
rPois    .         Reflect  .   (no helmet)
rElec    .         Harm     .   y - +0 cloak
rCorr    .         Rampage  .   (no gloves)
MR       .....                  (no boots)
Stlth    +.........             (no amulet)
HPRegen  0.10/turn              (no ring)
MPRegen  0.09/turn              (no ring)

@: confused, mighty, lethally poisoned (-2 -> -17)
A: high mp 1
a: no special abilities


You were on level 2 of the Dungeon.
You visited 1 branch of the dungeon, and saw 5 of its levels.

You collected 102 gold pieces.

Inventory:

Hand Weapons
 a - a +0 falchion (weapon)
Missiles
 r - 79 stones (quivered)
 t - 23 arrows
 x - 19 sling bullets
Armour
 b - a +0 leather armour (worn)
 j - a +0 buckler (worn)
 y - a +0 cloak (worn)
Jewellery
 o - an uncursed ring of fire {unknown}
Wands
 g - a wand of digging (3)
Scrolls
 c - 2 scrolls of fog
 d - a scroll of magic mapping
 e - 3 scrolls of fear
 h - 5 scrolls of identify {unknown}
 i - a scroll of enchant armour {unknown}
 k - a scroll of teleportation {unknown}
 l - a scroll of amnesia {unknown}
 m - a scroll of random uselessness {unknown}
 n - a scroll of blinking {unknown}
Potions
 f - 2 potions of haste
 s - a potion of degeneration {unknown}
 u - a potion of cancellation {unknown}
 v - a potion of mutation {unknown}


   Skills:
 * Level 3.4 Fighting
 * Level 2.7 Long Blades
 + Level 2.2 Dodging
 - Level 4.5 Stealth


You had 2 spell levels left.
You didn't know any spells.
Your spell library was empty.

Dungeon Overview and Level Annotations

Branches:
Dungeon (5/15)
 Temple: D:4-7


Innate Abilities, Weirdness & Mutations

You have an increased reservoir of magic. (+10% MP)


Message History

g - Guard the area. f - Follow me.
Anything else - Cancel.
Okay, then.
Unknown command.
It was a potion of ambrosia.
You are confused.
You feel invigorated.
You feel sick. The killer bee barely misses you. The killer bee stings you.
* * * LOW HITPOINT WARNING * * *
* * * LOW HITPOINT WARNING * * *
You feel sick. The killer bee closely misses you.
The killer bee completely misses you.
The killer bee looks more healthy.
The killer bee barely misses you. The killer bee stings you.
* * * LOW HITPOINT WARNING * * *
You are more poisoned.
The killer bee poisons you!
* * * LOW HITPOINT WARNING * * *
You feel sick.
The killer bee looks more healthy.
The killer bee stings you!
You die...

#.##.# #.#
#.##.# #.#
#.# .# #.#
#.#
#.########
#.#
#.........
#.#
##########
#.# #.#
#@# #y#
#y# #y#
#y# #y#
#y# #(.


You could see 6 killer bees.

Vanquished Creatures
  An ooze (D:1)
  4 dart slugs
  8 bats
  3 giant cockroaches
  8 goblins
  3 hobgoblins
  A ball python (D:1)
  3 frilled lizards
  A jackal skeleton (D:2)
  3 kobolds
  5 rats (D:1)
40 creatures vanquished.

Vanquished Creatures (others)
  A plant (D:1)
1 creature vanquished.

Grand Total: 41 creatures vanquished

Notes
Turn   | Place    | Note
-------+----------+-------------------------------------------
     0 | D:5      | MrRokkomies the Demigod Delver began the quest for the Orb.
     0 | D:5      | Reached XP level 1. HP: 18/18 MP: 3/3
    21 | D:5      | Noticed a bullfrog
    63 | D:4      | Noticed an orc warrior
    63 | D:4      | Noticed an orc priest
    63 | D:4      | Noticed an orc priest
   279 | D:3      | Reached XP level 2. HP: 26/26 MP: 4/4
   903 | D:1      | Reached XP level 3. HP: 30/31 MP: 5/5
  1745 | D:2      | Found a shimmering blue altar of Sif Muna.
  1745 | D:2      | Found a blossoming altar of Fedhas.
  1836 | D:2      | Found an iron altar of Okawaru.
  2214 | D:2      | Slain by a killer bee

Illustrated notes

Levels and vault maps discovered:
D:1:      dpeg_arrival_short_road, layout_basic, serial_bayou_pond_c
D:2:      layout_basic, gammafunk_temple_overflow_wave,
          kennysheep_okawaru_gauntlet
D:3:      layout_basic, kennysheep_slug_shrine,
          chequers_ecumenical_altar_simple_redux, hangedman_decor_peaks_small,
          hex_tiny, uniq_terence, uniq_sigmund
D:4:      layout_loops_corners, nicolae_ru_sacrificial_ziggurat,
          elyvilon_altar_5
D:5:      layout_layer_cave, minmay_overflow_temple_star_quad, uniq_pikel,
          uniq_grinder

Skill      XL: |  1 |
---------------+----+-----
Long Blades    | 2 |  2.7
Dodging        | 2 |  2.2
Fighting       | 3 |  3.4
Stealth        | |  4.5

Action                   || total
-------------------------++-------
Melee: Falchion          ||    81
Throw: Dart              ||    10
  Use: Potion            ||     2
 Stab: Sleeping          ||    11
Armor: Leather armour    ||    19
Dodge: Dodged            ||    56
Block: Buckler           ||    18
       Rpst.: Falchion   ||    21

Table legend: (Time is in decaauts)
 A = Elapsed time spent in this place.
 B = Non-inter-level travel time spent in this place.
 C = Inter-level travel time spent in this place.
 D = Time resting spent in this place.
 E = Time spent auto-exploring this place.
 F = Levels seen in this place.
 G = Mean time per level.
                   A        B        C        D        E       F      G
               +--------+--------+--------+--------+--------+-----+--------+
         Total |   2237 |   2209 |     28 |    300 |   1491 |   5 |  447.4 |
       Dungeon |   2237 |   2209 |     28 |    300 |   1491 |   5 |  447.4 |
               +--------+--------+--------+--------+--------+-----+--------+

Top non-repeatable levels by time:
     D:2: 1134 daAuts
     D:1: 817 daAuts
     D:3: 208 daAuts
     D:5: 49 daAuts
     D:4: 28 daAuts
